 Dungeon Crawl Stone Soup version 0.20-a0-433-g9e36e56 (webtiles) character file.

137 Da5id the Ruffian (level 5, -1/38 HPs)
             Began as a Demonspawn Gladiator on Jan 3, 2017.
             Was an Initiate of Makhleb.
             Slain by an adder (4 damage)
             ... on level 3 of the Dungeon on Jan 4, 2017.
             The game lasted 00:03:43 (3523 turns).

Da5id the Ruffian (Demonspawn Gladiator)            Turns: 3523, Time: 00:03:44

Health: -1/38      AC: 13    Str: 15    XL:     5   Next: 0%
Magic:  5/5        EV: 12    Int: 10    God:    Makhleb [......]
Gold:   152        SH:  0    Dex: 14    Spells: 4/4 levels left

rFire  . . .     SeeInvis .       - Unarmed
rCold  . . .     Gourm    .     a - +0 leather armour
rNeg   . . .     Faith    .     (no shield)
rPois  .         Spirit   .     b - +0 helmet
rElec  .         Reflect  .     (no cloak)
rCorr  .         Harm     .     (no gloves)
MR     .....                    (no boots)
Stlth  +.........               (no amulet)
                                (no ring)
                                (no ring)

@: lethally poisoned (-1 -> -2), sanguine armour, drained
A: talons 1, sanguine armour 2
a: Renounce Religion


You were on level 3 of the Dungeon.
You worshipped Makhleb.
Makhleb was noncommittal.
You were very hungry.

You visited 1 branch of the dungeon, and saw 3 of its levels.

You collected 152 gold pieces.

Inventory:

Missiles
 c - 3 throwing nets (quivered)
Armour
 a - a +0 leather armour (worn)
 b - a +0 helmet (worn)
Scrolls
 e - 5 scrolls of identify {unknown}
 f - 5 scrolls of remove curse {unknown}
 j - 3 scrolls of teleportation {unknown}
 q - a scroll of noise {unknown}
Potions
 h - a potion of flight {unknown}
 k - 2 potions of brilliance {unknown}
 l - a potion of cure mutation {unknown}
 o - a potion of degeneration {unknown}
 p - a potion of resistance {unknown}
 r - a potion of ambrosia {unknown}
Comestibles
 d - 3 bread rations
 g - a meat ration
 i - 5 fruits
 m - a royal jelly
 n - a slice of pizza


   Skills:
 - Level 2.0(1.8) Fighting
 - Level 1.7(1.6) Throwing
 - Level 2.6(2.5) Dodging
 + Level 5.2(5.0) Unarmed Combat


You had 4 spell levels left.
You didn't know any spells.

Dungeon Overview and Level Annotations

Branches:
Dungeon (3/15)

Altars:
Makhleb
Xom


Innate Abilities, Weirdness & Mutations

You have sharp toenails.
When seriously injured, your bleeding wounds create thick armour. (AC +9)


Message History

The adder bites you but does no damage.
You feel sick. The adder misses you. The adder closely misses you.
The adder barely misses you. The adder bites you but does no damage.
You feel sick. The adder closely misses you.
The adder bites you but does no damage. The adder bites you but does no damage.
The adder closely misses you.
You feel sick. The adder closely misses you. The adder closely misses you.
The adder bites you but does no damage. The adder barely misses you.
The adder barely misses you.
You feel sick. The adder closely misses you.
The adder bites you but does no damage. The adder bites you.
* * * LOW HITPOINT WARNING * * *
The adder bites you.
* * * LOW HITPOINT WARNING * * *
The adder bites you.
You die...

#.#. ...... ...
#.#... #### ..
#.#... #... #.
..# ##.# #.##
#.# ##.#.# ...
. #.. .#.#. ...
# # #..#.... ..
#.## #.S).#.#
#.## #...
#.#@##.###...##
####
#......##.....#
#
###....##.....#
###
#...........#
###..
#.#####.....#
#.... #.#
#)....# #.#..
#.# #.....# #
##. #.# #.....#
#.
#.#####.....#
##


You could see an adder.

Vanquished Creatures
  4 gnolls (D:3)
  2 adders (D:2)
  An ooze (D:2)
  A worm (D:3)
  4 dart slugs
  2 leopard geckos (D:2)
  2 orcs (D:3)
  6 bats
  4 giant cockroaches
  4 goblins
  7 hobgoblins
  3 jackals (D:2)
  A quokka (D:2)
  7 frilled lizards
  9 kobolds
  6 rats
63 creatures vanquished.

Notes
Turn   | Place    | Note
-------+----------+-------------------------------------------
     0 | D:1      | Da5id the Demonspawn Gladiator began the quest for the Orb.
     0 | D:1      | Reached XP level 1. HP: 16/16 MP: 1/1
   329 | D:1      | Reached skill level 3 in Unarmed Combat
   414 | D:1      | Gained mutation: When seriously injured, your bleeding wounds create armour. (AC +9) [demonic ancestry]
   414 | D:1      | Reached XP level 2. HP: 17/22 MP: 2/2
  1041 | D:1      | You fall through a shaft!
  1122 | D:2      | Reached XP level 3. HP: 20/27 MP: 3/3
  1993 | D:2      | Reached skill level 4 in Unarmed Combat
  2036 | D:2      | Found a burning altar of Makhleb.
  2142 | D:2      | Became a worshipper of Makhleb the Destroyer
  2331 | D:2      | Gained mutation: When seriously injured, your bleeding wounds create thick armour. (AC +9) [demonic ancestry]
  2331 | D:2      | Reached XP level 4. HP: 33/33 MP: 4/4
  2844 | D:3      | Reached skill level 5 in Unarmed Combat
  2852 | D:3      | Found a shimmering altar of Xom.
  3494 | D:3      | Gained mutation: You have sharp toenails. [demonic ancestry]
  3494 | D:3      | Reached XP level 5. HP: 22/38 MP: 5/5
  3523 | D:3      | Slain by an adder

Vault maps used:
D:1:      mrwooster_arrival_statue
D:2:      lemuel_crystal_altar, minmay_misc_feat_alley
D:3:      first_bread, tgw_xom

Skill      XL: |  1  2  3  4 |
---------------+-------------+-----
Unarmed Combat | 3 4 5 |  5.2
Fighting       | |  2.0
Throwing       | |  1.7
Dodging        | |  2.6

Action                   |  1- 3 |  4- 6 || total
-------------------------+-------+-------++-------
Melee: Unarmed           |   157 |    96 ||   253
       Punch             |     1 |     1 ||     2
 Stab: Sleeping          |     1 |       ||     1
       Distracted        |       |     1 ||     1
  Eat: Chunk             |     5 |     2 ||     7
Armor: Leather armour    |    34 |    37 ||    71
Dodge: Dodged            |    82 |    63 ||   145
